 Dungeon Crawl Stone Soup version 0.31-a0-263-ge8cad7f256 (webtiles) character file.

Game seed: 17251580231897523027

101 qw the Shooter (level 4, 0/26 HPs)
             Began as a Gargoyle Hexslinger on July 13, 2023.
             Slain by a goblin
             ... wielding a +0 club
             ... led by Robin
              (1 damage)
             ... on level 2 of the Dungeon.
             The game lasted 00:00:38 (1498 turns).

qw the Shooter (Gargoyle Hexslinger)                Turns: 1498, Time: 00:00:39

Health: 0/26       AC:  6    Str: 11    XL:     4   Next: 75%
Magic:  5/5        EV: 12    Int: 14    God:
Gold:   66         SH:  0    Dex: 14    Spells: 4/5 levels left

rFire   . . .        Y - +1 sling
rCold   . . .        (no shield)
rNeg    + . .        c - +0 robe
rPois   inf          (no helmet)
rElec   +            (no cloak)
rCorr   .            (no gloves)
SInv    .            i - +0 pair of boots {Stlth+}
Will    .....        j - amulet of the acrobat
Stlth   ++           (no ring)
HPRegen 0.24/turn    (no ring)
MPRegen 0.09/turn

%: acrobat
@: no status effects
A: sickness immunity, AC +3, negative energy resistance 1, electricity
resistance, torment resistance 1, petrification resistance
a: no special abilities


You were on level 2 of the Dungeon.
You visited 1 branch of the dungeon, and saw 2 of its levels.

You collected 66 gold pieces.


Innate Abilities, Weirdness & Mutations

You are immune to sickness and miasma.
Your stone body is resilient. (AC +3)
You are immune to poison.
You resist negative energy. (rN+)
You are resistant to electric shocks. (rElec)
You are resistant to unholy torment.
You are immune to petrification.


   Skills:
 - Level 2.0 Fighting
 + Level 4.5 Ranged Weapons
 - Level 1.5 Dodging
 - Level 1.0 Spellcasting
 - Level 2.6 Hexes


You had 4 spell levels left.
You knew the following spells:

 Your Spells              Type           Power      Damage    Failure   Level
a - Slow                  Hex            32%        N/A       9%          1

Your spell library contained the following spells:

 Spells                   Type           Power      Damage    Failure   Level
 Inner Flame              Hex/Fire       4%         N/A       41%         3
 Portal Projectile        Hex/Tloc       8%         N/A       41%         3
 Cause Fear               Hex            4%         N/A       65%         4

Inventory:

Hand Weapons
 Y - a +1 sling (weapon)
Armour
 c - a +0 robe (worn)
 i - a +0 pair of boots of stealth (worn)
Jewellery
 e - a +6 ring of strength
 j - an amulet of the acrobat (around neck)
Scrolls
 a - a scroll of identify
 d - a scroll of enchant armour {unknown}
Potions
 b - a potion of curing {unknown}
 f - a potion of brilliance {unknown}
 g - a potion of magic {unknown}
 h - 2 potions of might {unknown}

Dungeon Overview and Level Annotations

Branches:
Dungeon (2/15)

Altars:

Shops:
D:1 !


Message History

The goblin misses you.
You shoot a sling bullet. The sling bullet closely misses Robin.
The sling bullet hits the goblin.
You kill the goblin!
The goblin barely misses you.
You shoot a sling bullet. The sling bullet hits Robin.
You kill Robin!
The goblin hits you with a +0 club.
The goblin unwields a +0 dagger.
The goblin wields a +0 sling.
The goblin shoots a sling bullet.
The sling bullet hits you.
You shoot a sling bullet.
The sling bullet closely misses the hobgoblin.
The hobgoblin closely misses you. The goblin hits you but does no damage.
You shoot a sling bullet.
The sling bullet closely misses the hobgoblin.
The sling bullet hits the goblin.
You kill the goblin!
The goblin hits you but does no damage. The hobgoblin barely misses you.
You shoot a sling bullet. The sling bullet hits the hobgoblin.
You kill the hobgoblin!
The goblin barely misses you. The goblin misses you.
You shoot a sling bullet.
The sling bullet closely misses the goblin.
The goblin misses you.
You shoot a sling bullet. The sling bullet hits the worm.
The worm is heavily wounded.
The goblin closely misses you. The worm bites you!
You shoot a sling bullet.
The sling bullet barely misses the worm.
The goblin barely misses you. The worm bites you but does no damage.
You shoot a sling bullet. The sling bullet hits the worm.
The worm is heavily wounded.
The goblin misses you.
You shoot a sling bullet. The sling bullet hits the worm.
The worm is severely wounded.
The goblin barely misses you. The worm bites you.
You shoot a sling bullet. The sling bullet hits the worm.
The worm is almost dead.
The goblin hits you with a +0 club.
You die...

# #. ##'# ##...## #
##.....## .#
##.......## #.##
.##.........####...#..#
.'.........'g@w)).....
#.........####...##.#
#.......## #.##
##.....## ... ##...##
... ##'## .....
########.# g...
##.....##.# g...
...###.##.###


You could see a worm and a goblin (strong).

Vanquished Creatures
  Robin (D:2)
  3 adders (D:2)
  A dart slug (D:1)
  5 bats
  5 endoplasms
  10 goblins
  11 hobgoblins
  3 quokkas
  6 ball pythons
  2 frilled lizards (D:1)
  3 kobolds (D:2)
  6 rats
56 creatures vanquished.

Notes
Turn   | Place    | Note
-------+----------+-------------------------------------------
     0 | D:1      | qw the Gargoyle Hexslinger began the quest for the Orb.
     0 | D:1      | Reached XP level 1. HP: 12/12 MP: 2/2
     0 | D:1      | 0 ||| qw: Version: 0.3-a-52-g30416fa
     0 | D:1      | 0 ||| qw: Game counter: 7462
     0 | D:1      | 0 ||| qw: Melee chars always use a shield: true
     0 | D:1      | 0 ||| qw: God list: Okawaru
     0 | D:1      | 0 ||| qw: Allow faded altars: false
     0 | D:1      | 0 ||| qw: Do Orc after clearing Dungeon:15 true
     0 | D:1      | 0 ||| qw: Do second Lair branch before Depths: true
     0 | D:1      | 0 ||| qw: Lair rune preference: random
     0 | D:1      | 0 ||| qw: Goals: Normal
     0 | D:1      | 0 ||| PLANNING D:1-11
   223 | D:1      | Reached XP level 2. HP: 16/16 MP: 3/3
   229 | D:1      | Found Gunesir's Distillery.
   238 | D:1      | 238 ||| SHOPLISTING 2 potions of curing (66 gold, have 8).
   238 | D:1      | 238 ||| SHOPLISTING potion of cancellation (88 gold, have
                  | 8).
   238 | D:1      | 238 ||| SHOPLISTING potion of curing (33 gold, have 8).
   238 | D:1      | 238 ||| SHOPLISTING potion of heal wounds (55 gold, have
                  | 8).
   428 | D:1      | Found a faded altar of an unknown god.
   444 | D:1      | 444 ||| Stepping ~*~*~tactically~*~*~ (water).
   454 | D:1      | Reached skill level 3 in Ranged Weapons
   841 | D:1      | Reached XP level 3. HP: 21/21 MP: 4/4
   967 | D:1      | 967 ||| UPGRADING to +0 pair of boots of stealth.
   972 | D:1      | 972 ||| UPGRADING to amulet of the acrobat.
   977 | D:1      | 977 ||| READING scroll labelled XEPANN TIATEBB.
   978 | D:1      | 978 ||| READING 2 scrolls labelled SIUKAF FAKKOG.
   979 | D:1      | 979 ||| READING scroll labelled KUROKUNKOA.
   983 | D:1      | 983 ||| DROPPING scroll of poison.
   984 | D:1      | 984 ||| DROPPING scroll of noise.
  1420 | D:2      | Reached skill level 4 in Ranged Weapons
  1420 | D:2      | Reached XP level 4. HP: 24/26 MP: 5/5
  1460 | D:2      | 1460 ||| Stepping ~*~*~tactically~*~*~ (outnumbered).
  1461 | D:2      | Noticed Robin
  1489 | D:2      | Killed Robin
  1494 | D:2      | HP: 1/26 [worm (9)]
  1498 | D:2      | Slain by a goblin

Levels and vault maps discovered:
D:1:      psy_arrival_radial01, layout_loops_corners,
          chequers_ecumenical_altar_island, serial_shops,
          nicolae_shop_rolling_square, wander_ebering_terrifying_dragon_lair
D:2:      layout_loops_corners, minmay_increasing_density, uniq_natasha,
          uniq_crazy_yiuf_cottage, uniq_robin

Skill      XL: |  1  2  3 |
---------------+----------+-----
Ranged Weapons | 3 4 |  4.5
Fighting       | 2 |  2.0
Dodging        | |  1.5
Spellcasting   | |  1.0
Hexes          | |  2.6

Action                     |  1- 3 |  4- 6 || total
---------------------------+-------+-------++-------
   Fire: Sling             |   127 |    43 ||   170
    Use: Scroll            |     3 |       ||     3
 Armour: Robe              |    42 |    16 ||    58
  Dodge: Dodged            |    64 |    30 ||    94

Table legend:
 A = Non-vault XP
 B = Vault XP
 C = Vault XP percentage of total XP
 D = Non-vault monster count
 E = Vault monster count
 F = Vault count percentage of total count
                 A         B        C        D         E       F
            +---------+---------+-------+---------+---------+-------
      Total |      66 |      79 |  54.5 |      33 |      23 |  41.1
            +---------+---------+-------+---------+---------+-------
        D:1 |      33 |       1 |   2.9 |      20 |       1 |   4.8
        D:2 |      33 |      78 |  70.3 |      13 |      22 |  62.9
            +---------+---------+-------+---------+---------+-------
